 Dungeon Crawl Stone Soup version 0.19.5 (webtiles) character file.

149 chispas90 the Skirmisher (level 5, -2/43 HPs)
             Began as a Human Wanderer on Mar 23, 2017.
             Slain by a worker ant (4 damage)
             ... on level 4 of the Dungeon.
             The game lasted 00:06:33 (864 turns).

chispas90 the Skirmisher (Human Wanderer)            Turns: 864, Time: 00:06:34

Health: -2/43      AC:  3    Str: 11    XL:     5   Next: 57%
Magic:  5/5        EV: 11    Int: 15    God:
Gold:   93         SH:  0    Dex: 12    Spells: 0 memorised, 4 levels left

rFire  . . .     SeeInvis .     a - +2 hand crossbow
rCold  . . .     Gourm    .     e - +0 robe
rNeg   . . .     Faith    .     (no shield)
rPois  .         Spirit   .     g - +1 hat
rElec  .         Reflect  .     (no cloak)
rCorr  .         Harm     .     (no gloves)
MR     .....                    (no boots)
Stlth  ++........               (no amulet)
                                (no ring)
                                (no ring)

@: no status effects
A: no striking features
a: no special abilities


You were on level 4 of the Dungeon.
You were completely stuffed.

You visited 1 branch of the dungeon, and saw 4 of its levels.

You collected 93 gold pieces.

Inventory:

Hand Weapons
 a - a +2 hand crossbow (weapon)
Missiles
 b - a bolt (quivered)
 h - 5 tomahawks
 o - 67 arrows
Armour
 e - a +0 robe (worn)
 g - a +1 hat (worn)
Jewellery
 u - an uncursed ring of protection from fire {unknown}
Wands
 p - a wand of iceblast (6/15)
 t - a wand of digging (13/24)
Scrolls
 c - a scroll of teleportation
 j - a scroll of identify {unknown}
 k - a scroll of enchant weapon {unknown}
 m - 2 scrolls of enchant armour {unknown}
 r - a scroll of amnesia {unknown}
 w - a scroll of fear {unknown}
Potions
 d - 2 potions of lignification
 l - 3 potions of heal wounds {unknown}
 n - 2 potions of degeneration {unknown}
 q - a potion of brilliance {unknown}
 s - a potion of mutation {unknown}
 v - a potion of agility {unknown}
 x - a potion of curing {unknown}
Comestibles
 f - 2 bread rations


   Skills:
 + Level 4.7 Fighting
   Level 1.0 Bows
 + Level 4.5 Crossbows
 + Level 1.0 Throwing
 + Level 1.0 Armour
 + Level 0.4 Dodging
 + Level 1.2 Stealth


You had 4 spell levels left.
You didn't know any spells.

Dungeon Overview and Level Annotations

Branches:
Dungeon (4/15)
 Temple: D:4-7

Altars:
Ru


Message History

There is a stone staircase leading down here.
You climb downwards.
The orc hits you but does no damage. The orc completely misses you.
There is a stone staircase leading up here.
The worker ant bites you but does no damage.
Something barely misses you.
Items here: ( )) † 3 bolts; a whip; a flail; an orc corpse The worker ant bites you.
* * * LOW HITPOINT WARNING * * *
You see here 2 bolts.
You see here 2 bolts.
Things that are here:
2 bolts; a short sword
Things that are here:
a leather armour; a club You are too injured to fight recklessly!
You are too injured to fight recklessly!
The worker ant bites you.
You die...

. ####### ### .##.....#
..# .......+ #.# .
####.....## #.# ##..
..........# #.# .....
###.......######(#......
.....<....(({o(a@'......
#...###.########.#......
............†.##.'......
......##..###.##.#......
..........# #.##.##+####
.....###..###.##.#
.....+........##.# ....
####.######.# .... #.##


You could see a worker ant and an orc.

Vanquished Creatures
  An orc priest (D:4)
  An iguana (D:4)
  A worker ant (D:4)
  2 adders (D:3)
  2 worms (D:2)
  A dart slug (D:3)
  9 orcs
  2 giant cockroaches
  3 goblins
  A hobgoblin (D:3)
  A jackal (D:4)
  2 quokkas (D:2)
  A ball python (D:4)
  5 bats
  3 frilled lizards
  2 kobolds (D:2)
  2 rats (D:3)
39 creatures vanquished.

Notes
Turn   | Place    | Note
-------+----------+-------------------------------------------
     0 | D:1      | chispas90 the Human Wanderer began the quest for the Orb.
     0 | D:1      | chispas90 set off with: a +2 hand crossbow, 31 bolts, a scroll of teleportation, a potion of lignification, a +0 robe, a bread ration
     0 | D:1      | Reached XP level 1. HP: 19/19 MP: 1/1
    40 | D:1      | You fall through a shaft!
   195 | D:2      | Reached XP level 2. HP: 25/25 MP: 2/2
   200 | D:2      | Found a faded altar of an unknown god.
   515 | D:3      | Reached XP level 3. HP: 31/31 MP: 3/3
   629 | D:3      | Reached XP level 4. HP: 34/38 MP: 4/4
   735 | D:3      | Found a sacrificial altar of Ru.
   813 | D:4      | Reached XP level 5. HP: 36/43 MP: 5/5
   848 | D:4      | HP: 2/43 [orc/war axe (6)]
   859 | D:4      | HP: 1/43 [worker ant (3)]
   864 | D:4      | Slain by a worker ant

Skill      XL: |  1  2  3  4 |
---------------+-------------+-----
Crossbows      | 3 4 |  4.5
Fighting       | |  4.7
Bows           | |  1.0
Throwing       | |  1.0
Armour         | |  1.0
Dodging        | |  0.4
Stealth        | |  1.2

Action                   |  1- 3 |  4- 6 || total
-------------------------+-------+-------++-------
Melee: Hand crossbow     |       |     5 ||     5
 Fire: Hand crossbow     |    66 |    38 ||   104
  Eat: Meat ration       |     1 |     1 ||     2
Armor: Robe              |     3 |     5 ||     8
Dodge: Dodged            |     2 |    13 ||    15
